Match 43231829
Unlisted

Match 43231829
End
Royal Engineer Section
Construct Section Command Post
Infantry Section
Infantry Section
Vickers Machine Gun Team
Construct Platoon Command Post
Humber Armored Car
Infantry Section
Selects Heavy Armor Battlegroup
Infantry Section
6-pounder Anti-tank Gun Team
Selects Light Vehicle Withdraw and Refit
Selects UNKNOWN (202330)
Unlock Bishop Self-propelled Artillery
Bishop Self-propelled Artillery
6-pounder Anti-tank Gun Team
Royal Engineer Section
Selects Recon Artillery
Recon Artillery
Construct Company Command Post
Grenade Package
Unlock M3 Grant Medium Tanks
Selects Rigorous Vehicle Training
Selects Forward Repair Assembly
Selects UNKNOWN (2162094)
M3 Grant Medium Tank
Recon Artillery
Infantry Section
Crusader II Medium Tank
Crusader AA Medium Tank
King Kala
MiGo$
Blanco
MoriMusic
0
0

Comments sign in to comment!

No comments posted yet!